 Dungeon Crawl Stone Soup version 0.19-a0-1398-g1264885 (webtiles) character file.

492 Gorice the Basher (level 7, 0/72 HPs)
             Began as an Ogre Wanderer on Sept 4, 2016.
             Was an Initiate of the Shining One.
             Slain by an ice beast (5 damage)
             ... on level 6 of the Dungeon.
             The game lasted 00:20:00 (3769 turns).

Gorice the Basher (Ogre Wanderer)                   Turns: 3769, Time: 00:20:01

Health: 0/72       AC:  4    Str: 18    XL:     7   Next: 14%
Magic:  16/16      EV: 18    Int: 11    God:    the Shining One [......]
Gold:   252        SH:  0    Dex: 16    Spells: 0 memorised, 6 levels left

rFire  + . .     SeeInvis +     a - +0 flail
rCold  + . .     Gourm    .     f - +1 robe
rNeg   . . .     Faith    .     (no shield)
rPois  +         Spirit   .     (helmet restricted)
rElec  +         Dismiss  .     (no cloak)
rCorr  +         Reflect  .     (gloves unavailable)
MR     .....     Harm     .     (boots unavailable)
Stlth  +.........               (no amulet)
                                u - ring of magical power
                                m - ring of see invisible

@: agile, resistant, glowing
A: unfitting armour, tough skin 1
a: Renounce Religion


You were on level 6 of the Dungeon.
You worshipped the Shining One.
The Shining One was noncommittal.
You were hungry.

You visited 1 branch of the dungeon, and saw 6 of its levels.

You collected 252 gold pieces.

Inventory:

Hand Weapons
 a - a +0 flail (weapon)
 b - a +0 hand crossbow
 d - a +1 whip
 z - a +0 giant spiked club
 B - a +2 blowgun
Missiles
 h - 3 curare-tipped needles
 v - 38 sling bullets
 x - 6 tomahawks (quivered)
 y - 6 bolts
 C - 13 poisoned needles
 Z - 67 stones
Armour
 f - a +1 robe (worn)
Jewellery
 c - an uncursed amulet of faith {!P}
 m - a ring of see invisible (left hand)
 u - a ring of magical power (right hand)
Scrolls
 i - 4 scrolls of immolation {!r}
 k - a scroll of recharging
 l - a scroll of enchant armour
 r - a scroll of enchant weapon
 E - 2 scrolls of remove curse
Potions
 p - a potion of magic {!q}
 w - a potion of degeneration {unknown}
 D - a potion of heal wounds {unknown}
 G - a potion of lignification {unknown}
Books
 n - a book of Burglary
 q - a book of Fire
 A - Nueskab's Tome of Mutagenic Good Luck
   (You found it on level 4 of the Dungeon)

   Spells                             Type                      Level
   a - Sticks to Snakes               Transmutation                2
   b - Spectral Weapon                Hexes/Charms                 3
   c - Ice Form                       Ice/Transmutation            4
   d - Blade Hands                    Transmutation                5
   e - Statue Form                    Transmutation/Earth          6
Comestibles
 g - 2 bread rations {!e}
 s - 3 meat rations {!e}
 t - a royal jelly


   Skills:
 + Level 5.0 Fighting
 * Level 8.0 Maces & Flails
 - Level 1.0 Crossbows
 - Level 1.0 Throwing
 - Level 5.4 Dodging
   Level 1.0 Evocations


You had 6 spell levels left.
You didn't know any spells.

Dungeon Overview and Level Annotations

Branches:
Dungeon (6/15)
 Temple: D:4-7

Altars:
Ashenzari
Dithmenos
Elyvilon
Nemelex Xobeh
Xom
Zin
The Shining One

Shops:
D:4 =

Annotations:
D:5 1 runed door, Menkaure
D:6 Pikel


Innate Abilities, Weirdness & Mutations

You are too large for most types of armour.
You have tough skin. (AC +1)


Message History

The hound is moderately wounded.
The hound bites you but does no damage. The hound barely misses you.
You hit the hound.
The hound is heavily wounded.
The hound misses you.
You sock the hound!
You kill the hound!
Your Fighting skill increases to level 5!
Your Maces & Flails skill increases to level 8!
You hit the ice beast.
The ice beast is lightly wounded.
The ice beast hits you but does no damage.
You hit the ice beast.
The ice beast is moderately wounded.
The ice beast hits you. The ice beast freezes you! The shadow imp spits at you.
The shadow imp gestures at you. Pain shoots through your body!
You take 20 damage.
You barely miss the ice beast.
The ice beast is moderately wounded.
The ice beast hits you. The ice beast freezes you!
* * * LOW HITPOINT WARNING * * *
You take 14 damage.
You barely miss the ice beast.
The ice beast is moderately wounded.
The ice beast misses you. The shadow imp gestures at you.
Pain shoots through your body!
* * * LOW HITPOINT WARNING * * *
You take 10 damage.
Unknown command.
Unknown command.
Okay, then.
You feel better. The ice beast barely misses you.
The shadow imp grinds its teeth.
The shadow imp barely misses you.
Really quaff
j - a potion of resistance {!q}?
You feel protected. The ice beast misses you. The shadow imp hits you.
* * * LOW HITPOINT WARNING * * *
You take 6 damage.
Unknown command.
Really quaff
F - a potion of agility {!q}?
You feel agile all of a sudden.
The giant newt hisses menacingly.
The ice beast hits you.
* * * LOW HITPOINT WARNING * * *
The ice beast freezes you. You resist.
You die...

#########
#...lzY@#
########.#####5#
....?......###.#
........z.......
##.#####l#.######
........5...#
#.......#..##.
#.#.....#.....
#.#........##.#


You could see an ice beast, a wight, a shadow imp and a giant newt.

Vanquished Creatures
  An ogre (D:5)
  A centaur (D:5)
  A howler monkey (D:4)
  A centaur zombie (D:5)
  A hound (D:6)
  An orc wizard (D:4)
  A worker ant (D:4)
  2 hound skeletons
  A howler monkey zombie (D:5)
  A howler monkey skeleton (D:4)
  4 adders
  3 worms
  3 dart slugs
  5 giant geckos
  5 orcs
  5 giant cockroaches
  4 hobgoblins
  7 jackals (D:1)
  3 quokkas
  7 bats
  7 giant newts
  3 goblins (D:1)
  A jackal skeleton (D:4)
  7 kobolds
  A quokka skeleton (D:5)
  10 rats
86 creatures vanquished.

Notes
Turn   | Place    | Note
-------+----------+-------------------------------------------
     0 | D:1      | Gorice the Ogre Wanderer began the quest for the Orb.
     0 | D:1      | Gorice set off with: 3 curare-tipped needles, a +2 blowgun, a +0 hand crossbow, 28 bolts, a scroll of teleportation {!r}, a +0 robe, a bread ration {!e}
     0 | D:1      | Reached XP level 1. HP: 16/16 MP: 1/1
    47 | D:1      | Found a shimmering altar of Xom.
    84 | D:1      | Reached skill level 1 in Fighting
    84 | D:1      | Reached skill level 2 in Maces & Flails
   104 | D:1      | Reached XP level 2. HP: 27/27 MP: 2/2
   158 | D:1      | Reached skill level 3 in Maces & Flails
   285 | D:1      | Reached XP level 3. HP: 33/33 MP: 3/3
   824 | D:2      | Reached skill level 2 in Fighting
  1292 | D:2      | Found a shimmering altar of Xom.
  1299 | D:2      | Noticed an angel
  1299 | D:2      | Found a glowing silver altar of Zin.
  1339 | D:2      | Reached skill level 4 in Maces & Flails
  1459 | D:2      | Reached XP level 4. HP: 40/44 MP: 4/4
  1637 | D:3      | Found a shattered altar of Ashenzari.
  1978 | D:3      | Reached skill level 3 in Fighting
  2455 | D:4      | Found Jaeczar's Jewellery Shoppe.
  2520 | D:4      | Reached skill level 5 in Maces & Flails
  2520 | D:4      | Reached XP level 5. HP: 51/53 MP: 5/5
  2686 | D:4      | Reached skill level 6 in Maces & Flails
  2738 | D:4      | Identified Nueskab's Tome of Mutagenic Good Luck
  2911 | D:4      | Reached skill level 4 in Fighting
  2911 | D:4      | Reached XP level 6. HP: 38/62 MP: 6/6
  3053 | D:5      | Entered Level 5 of the Dungeon
  3230 | D:5      | Reached skill level 7 in Maces & Flails
  3297 | D:5      | Reached XP level 7. HP: 30/71 MP: 7/7
  3305 | D:5      | HP: 21/71 [orc/mace (2)]
  3307 | D:5      | HP: 10/71 [orc/mace (5)]
  3655 | D:5      | Found a runed door.
  3709 | D:5      | Noticed Menkaure
  3718 | D:6      | Noticed Pikel
  3724 | D:6      | Found a white marble altar of Elyvilon.
  3726 | D:6      | Found a sparkling altar of Nemelex Xobeh.
  3726 | D:6      | Found a glowing golden altar of the Shining One.
  3732 | D:6      | Found a shadowy altar of Dithmenos.
  3743 | D:6      | Became a worshipper of the Shining One
  3762 | D:6      | Reached skill level 5 in Fighting
  3762 | D:6      | Reached skill level 8 in Maces & Flails
  3765 | D:6      | HP: 15/72 [ice beast (9)]
  3766 | D:6      | HP: 5/72 [shadow imp/nerve-wracking pain (10)]
  3769 | D:6      | Slain by an ice beast

Vault maps used:
D:1:      minmay_arrival_four_loops, xom_teletrap_fun
D:2:      grunt_temple_overflow_order_and_chaos_1
D:3:      ashenzari_altar_1
D:4:      serial_shops, shop
D:5:      first_bread, uniq_menkaure, uniq_crazy_yiuf_cottage
D:6:      grunt_temple_overflow_open, minitemple, uniq_edmund, uniq_pikel,
          uniq_prince_ribbit1

Skill      XL: |  1  2  3  4  5  6  7 |
---------------+----------------------+-----
Fighting       | 1 2 3 4 5 |  5.0
Maces & Flails | 2 3 4 5 6 7 8 |  8.0
Crossbows      | |  1.0
Throwing       | |  1.0
Dodging        | |  5.4
Evocations     | |  1.0

Action                   |  1- 3 |  4- 6 |  7- 9 || total
-------------------------+-------+-------+-------++-------
Melee: Whip              |       |    61 |       ||    61
       Flail             |       |    43 |    28 ||    71
 Fire: Hand crossbow     |   107 |    54 |       ||   161
       Blowgun           |       |     1 |       ||     1
Throw: Tomahawk          |       |     1 |     3 ||     4
  Use: Scroll            |     1 |    10 |     1 ||    12
       Potion            |       |       |     3 ||     3
  Eat: Chunk             |     2 |     5 |     1 ||     8
Armor: Robe              |    19 |    17 |     7 ||    43
Dodge: Dodged            |    19 |    72 |    15 ||   106

Table legend:
 A = Turns spent in this place as a percentage of turns spent in the entire game.
 B = Non-inter-level travel turns spent in this place as a percentage of non-inter-level travel turns spent in the entire game.
 C = Inter-level travel turns spent in this place as a percentage of turns spent in this place.
 D = Turns resting spent in this place as a percentage of non-inter-level travel turns spent in this place.
 E = Turns spent auto-exploring this place as a percentage of non-inter-level travel turns spent in this place.
 F = Non-inter-level travel turns spent in this place divided by the number of levels of this place that you've seen.
                   A       B       C       D       E      F
               +-------+-------+-------+-------+-------+----------------------
         Total | 100.0 | 100.0 |   0.4 |   1.4 |   7.3 | 219.5
       Dungeon | 100.0 | 100.0 |   0.4 |   1.4 |   7.3 | 219.5
               +-------+-------+-------+-------+-------+----------------------

Vault maps used:
D:1:      minmay_arrival_four_loops, xom_teletrap_fun
D:2:      grunt_temple_overflow_order_and_chaos_1
D:3:      ashenzari_altar_1
D:4:      serial_shops, shop
D:5:      first_bread, uniq_menkaure, uniq_crazy_yiuf_cottage
D:6:      grunt_temple_overflow_open, minitemple, uniq_edmund, uniq_pikel,
          uniq_prince_ribbit1
